 Dungeon Crawl Stone Soup version 0.31-a0-152-g6aa68a64a1 (webtiles) character file.

Game seed: 6360587328463191375

234 qw the Shooter (level 5, -1/46 HPs)
             Began as a Minotaur Hunter on June 9, 2023.
             Succumbed to an orc wizard's poison
             ... on level 4 of the Dungeon.
             The game lasted 00:01:08 (3507 turns).

qw the Shooter (Minotaur Hunter)                    Turns: 3507, Time: 00:01:09

Health: -1/46      AC:  6    Str: 16    XL:     5   Next: 75%
Magic:  4/4        EV: 11    Int:  6    God:
Gold:   178        SH:  0    Dex: 15    Spells: 4/4 levels left

rFire   . . .        Y - +0 shortbow
rCold   . . .        (shield currently unavailable)
rNeg    . . .        a - +0 ring mail
rPois   .            (helmet restricted)
rElec   .            d - +0 cloak
rCorr   .            (no gloves)
SInv    .            (no boots)
Will    .....        (no amulet)
Stlth   +            (no ring)
HPRegen 0.27/turn    (no ring)
MPRegen 0.09/turn

%: no passive effects
@: lethally poisoned (-1 -> -26)
A: horns 2, retaliatory headbutt
a: no special abilities


You were on level 4 of the Dungeon.
You visited 1 branch of the dungeon, and saw 4 of its levels.

You collected 178 gold pieces.


Innate Abilities, Weirdness & Mutations

You have a pair of horns on your head.
You reflexively headbutt those who attack you in melee.


   Skills:
 - Level 4.0 Fighting
 + Level 7.0 Ranged Weapons
 - Level 1.2 Armour
 - Level 2.1 Dodging
 - Level 0.7 Stealth


You had 4 spell levels left.
You didn't know any spells.
Your spell library was empty.

Inventory:

Hand Weapons
 Y - a +0 shortbow (weapon)
Armour
 a - a +0 ring mail (worn)
 d - a +0 cloak (worn)
Wands
 n - a wand of digging (9)
Scrolls
 c - a scroll of identify
Potions
 b - 2 potions of curing {unknown}
 e - a potion of resistance {unknown}
 f - a potion of ambrosia {unknown}
 g - a potion of invisibility {unknown}
 h - a potion of heal wounds {unknown}
 i - a potion of might
 j - a potion of haste
 k - a potion of mutation {unknown}
 l - a potion of attraction {unknown}

Dungeon Overview and Level Annotations

Branches:
Dungeon (4/15)
 Temple: D:4-7

Altars:
Trog


Message History

3493 ||| FLEEEEING.
Enter note:
Enter note:
Enter note:
Enter note:
Enter note:
Enter note:
3494 ||| FLEEEEING.
3495 ||| FLEEEEING.
3496 ||| FLEEEEING.
3497 ||| FLEEEEING.
3498 ||| FLEEEEING.
You hear some strange, mumbled words.
You are confused.
You hear some strange, mumbled words.
A magic dart appears from out of thin air!
The magic dart hits you.
You hear some strange, mumbled words.
A puff of flame appears from out of thin air!
The puff of flame hits you. The orc completely misses you. Something hits you.
You are poisoned.
The orc closely misses you.
You feel very sick. Something hits you.
You are lethally poisoned!
The orc barely misses you.
You feel less confused.
You feel very sick.
You hear some strange, mumbled words.
A puff of flame appears from out of thin air!
The puff of flame hits you. The orc closely misses you.
You shoot an arrow. The arrow barely misses the orc.
You feel very sick. Something hits you.
You are more poisoned.
The orc closely misses you. You furiously retaliate!
You headbutt the orc. You shoot an arrow. The arrow hits the orc.
The orc is heavily wounded.
You die...

............................##...
.................................
##...............................
##..............................
#............................<.
#..............#.##...........#
.....[........##..............#
.............#<..#......#....#
.............{@.###......#.....
..............o.## #.....>......
.................####....#[..)..
#..............#..#.............
..............##..........#.....
...............##........##.....
................................
.................##.............
....$.%..........#..............


You could see an orc.

Vanquished Creatures
  A gnoll bouda (D:3)
  Robin (D:2)
  5 gnolls
  5 adders
  2 worms
  3 dart slugs
  5 orcs (D:3)
  5 ball pythons
  5 endoplasms
  2 giant cockroaches
  11 goblins
  10 hobgoblins
  3 jackals (D:1)
  8 kobolds
  3 quokkas
  7 bats
  6 rats
82 creatures vanquished.

Notes
Turn   | Place    | Note
-------+----------+-------------------------------------------
     0 | D:1      | qw the Minotaur Hunter began the quest for the Orb.
     0 | D:1      | Reached XP level 1. HP: 18/18 MP: 0/0
     0 | D:1      | 0 ||| qw: Version: 0.2-a-121-gba3a3e5
     0 | D:1      | 0 ||| qw: Game counter: 3208
     0 | D:1      | 0 ||| qw: Always use a shield: true
     0 | D:1      | 0 ||| qw: God list: Okawaru
     0 | D:1      | 0 ||| qw: Allow faded altars: false
     0 | D:1      | 0 ||| qw: Do Orc after D:15 true
     0 | D:1      | 0 ||| qw: Do second Lair branch before Depths: true
     0 | D:1      | 0 ||| qw: Lair rune preference: random
     0 | D:1      | 0 ||| qw: Plans: Normal
     0 | D:1      | 0 ||| PLANNING D:1-11
   277 | D:1      | Reached XP level 2. HP: 25/25 MP: 1/1
   303 | D:1      | Reached skill level 5 in Ranged Weapons
   678 | D:1      | Reached skill level 3 in Fighting
   831 | D:1      | 831 ||| UPGRADING to +0 cloak.
   836 | D:1      | 836 ||| DROPPING scarf of shadows.
   837 | D:1      | 837 ||| DRINKING 2 pink potions.
   838 | D:1      | 838 ||| DROPPING scroll of butterflies.
   966 | D:2      | Reached XP level 3. HP: 29/31 MP: 2/2
  1021 | D:2      | Noticed Robin
  1025 | D:2      | Killed Robin
  1159 | D:2      | 1159 ||| Stepping ~*~*~tactically~*~*~ (water).
  1188 | D:2      | Reached XP level 4. HP: 38/38 MP: 3/3
  1230 | D:2      | Reached skill level 6 in Ranged Weapons
  1374 | D:2      | You fall into a shaft and drop 1 floor!
  1384 | D:3      | Reached skill level 1 in Armour
  1477 | D:3      | 1477 ||| READING scroll labelled MEDWOCZEPP.
  2094 | D:2      | 2094 ||| UPGRADING to +0 ring mail.
  2104 | D:2      | 2104 ||| DROPPING +0 leather armour.
  2105 | D:2      | 2105 ||| READING scroll labelled HAMNYFF TIEBBI.
  2106 | D:2      | 2106 ||| READING scroll labelled FOZY TEWNITUI.
  2108 | D:2      | 2108 ||| Stepping ~*~*~tactically~*~*~ (cloud).
  2352 | D:3      | Found a bloodstained altar of Trog.
  2356 | D:3      | Identified the +9 lajatang "Ileicoiv" {freeze, Int+3 Dex+4}
  2697 | D:3      | Identified the +0 robe of the Carpenter {Will- Int+7}
  2934 | D:3      | 2934 ||| DROPPING +0 robe of the Carpenter {Will- Int+7}.
  2935 | D:3      | 2935 ||| READING scroll labelled XUB LUUGOCUT.
  2936 | D:3      | 2936 ||| READING scroll labelled DEBEAPSUURO.
  2965 | D:4      | 2965 ||| STAIRDANCE
  2969 | D:3      | Reached XP level 5. HP: 37/46 MP: 4/4
  3007 | D:4      | 3007 ||| STAIRDANCE
  3131 | D:4      | 3131 ||| STAIRDANCE
  3216 | D:4      | 3216 ||| STAIRDANCE
  3304 | D:4      | Reached skill level 7 in Ranged Weapons
  3486 | D:4      | 3486 ||| FLEEEEING.
  3491 | D:4      | 3491 ||| FLEEEEING.
  3492 | D:4      | 3492 ||| FLEEEEING.
  3493 | D:4      | 3493 ||| FLEEEEING.
  3494 | D:4      | 3494 ||| FLEEEEING.
  3495 | D:4      | 3495 ||| FLEEEEING.
  3496 | D:4      | 3496 ||| FLEEEEING.
  3497 | D:4      | 3497 ||| FLEEEEING.
  3498 | D:4      | 3498 ||| FLEEEEING.
  3505 | D:4      | HP: 11/46 [something/puff of flame (4)]
  3507 | D:4      | Succumbed to an orc wizard's poison

Levels and vault maps discovered:
D:1:      psy_arrival_basics, layout_loops_corners, nrook_mini_vaults
D:2:      layout_loops_corners, nrook_loot_triangle, minivault_24,
          serial_bayou_crossing, uniq_robin
D:3:      layout_loops_ring, trog_book, chequers_serial_rivers_room_a
D:4:      layout_cave_pools, general_overflow_altar, uniq_pikel

Skill      XL: |  1  2  3  4  5 |
---------------+----------------+-----
Ranged Weapons | 5 6 7 |  7.0
Fighting       | 3 4 |  4.0
Armour         | 1 |  1.2
Dodging        | |  2.1
Stealth        | |  0.7

Action                     |  1- 3 |  4- 6 || total
---------------------------+-------+-------++-------
   Fire: Shortbow          |   103 |   141 ||   244
    Use: Potion            |     1 |       ||     1
         Scroll            |       |     5 ||     5
 Armour: Leather armour    |    15 |     3 ||    18
         Ring mail         |       |    21 ||    21
  Dodge: Dodged            |    35 |    58 ||    93

Table legend:
 A = Non-vault XP
 B = Vault XP
 C = Vault XP percentage of total XP
 D = Non-vault monster count
 E = Vault monster count
 F = Vault count percentage of total count
                 A         B        C        D         E       F
            +---------+---------+-------+---------+---------+-------
      Total |     299 |      36 |  10.7 |      70 |      12 |  14.6
            +---------+---------+-------+---------+---------+-------
        D:1 |      33 |       0 |   0.0 |      18 |       0 |   0.0
        D:2 |      65 |      36 |  35.6 |      19 |      12 |  38.7
        D:3 |     123 |       0 |   0.0 |      22 |       0 |   0.0
        D:4 |      78 |       0 |   0.0 |      11 |       0 |   0.0
            +---------+---------+-------+---------+---------+-------
